[Event "Team 45 45 League T85"]
[Site "Internet Chess Club"]
[Date "2020.07.19"]
[Round "3"]
[White "dabodhi"]
[Black "Tjet"]
[Result "1/2-1/2"]
[WhiteElo "1296"]
[BlackElo "1299"]
[Opening "Sicilian defense"]
[ECO "B40"]
[Time "22:12:54"]
[TimeControl "2700+45"]

1. e4 c5 2. Nf3 e6 3. Nc3 a6 4. g3 Nc6 5. Bg2 d6 6. O-O Be7 7. d4 cxd4 8. Nxd4
Qc7 9. Be3 Nxd4 10. Qxd4 Bf6 11. Qd2 Ne7 12. Bd4 Bxd4 13. Qxd4 O-O 14. Rac1 e5
15. Qe3 Be6 16. a3 Rad8 17. Nd5 Bxd5 18. exd5 Nf5 19. Qe4 Nh6 20. c4 f5 21. Qe2
b6 22. f4 e4 23. h3 a5 24. Qe3 Qc5 25. Qxc5 bxc5 26. Kf2 Rb8 27. Rb1 Rb3 28.
Rfe1 Rfb8 29. Re2 g6 30. Bf1 Rxa3 31. bxa3 Rxb1 32. Re3 Rb2+ 33. Be2 Nf7 34. Ke1
h6 35. g4 Kg7 36. gxf5 gxf5 37. Rg3+ Kf6 38. Bh5 Rb8 39. Rg6+ Ke7 40. Re6+ Kf8
41. Bg6 Kg7 42. Bxf5 Rb3 43. Bxe4 Rxa3 44. Rg6+ Kf8 45. Bf5 Re3+ 46. Kd2 Re7 47.
Be6 a4 48. Kc2 Rb7 49. Bxf7 Kxf7 50. Rxd6 a3 51. Ra6 Rb2+ 52. Kc1 Rb4 {Game
drawn by mutual agreement} 1/2-1/2

[Event "Team 45 45 League T85"]
[Site "Internet Chess Club"]
[Date "2020.07.15"]
[Round "3"]
[White "DaveTheRook"]
[Black "Demachaeron"]
[Result "0-1"]
[WhiteElo "1548"]
[BlackElo "1730"]
[Opening "QGD: exchange, positional line"]
[ECO "D35"]
[Time "18:33:15"]
[TimeControl "2700+45"]

1. d4 d5 2. c4 e6 3. Nc3 Nf6 4. cxd5 exd5 5. Bg5 Be7 6. Nf3 Nc6 7. e3 O-O 8. Be2
Re8 9. O-O a6 10. Rc1 Be6 11. Re1 h6 12. Bxf6 Bxf6 13. a3 Qd7 14. Qc2 Bf5 15.
Bd3 Bxd3 16. Qxd3 Rad8 17. b4 Na7 18. h3 Re6 19. Re2 Rde8 20. Rec2 b5 21. Na4
bxa4 22. Rxc7 Qb5 23. Qc2 R6e7 24. Rc5 Qd7 25. Ra5 Rc8 26. Qd1 Rxc1 27. Qxc1 Re6
28. Qd1 Bd8 29. Ne5 Rxe5 30. dxe5 Bxa5 31. bxa5 Qb5 32. Qg4 Qc6 33. Qb4 Nc8 34.
Qh4 Qd7 35. Kh1 Ne7 36. Qb4 Ng6 37. Kg1 Kh7 38. Qb1 Qe7 39. f4 Qxa3 40. Kf2 Qb3
41. Qf5 Qb7 42. h4 a3 43. e6 fxe6 44. Qxe6 a2 45. f5 Nxh4 46. Kg3 a1=Q 47. Kxh4
Qf6+ {White resigns} 0-1

[Event "Team 45 45 League T85"]
[Site "Internet Chess Club"]
[Date "2020.07.16"]
[Round "3"]
[White "KidRattler"]
[Black "pokerram"]
[Result "1-0"]
[WhiteElo "1651"]
[BlackElo "1543"]
[Opening "King's Indian: fianchetto with ...Nd7"]
[ECO "E67"]
[Time "19:01:43"]
[TimeControl "2700+45"]

1. d4 Nf6 2. c4 g6 3. Nc3 Bg7 4. Nf3 O-O 5. g3 d6 6. Bg2 Nbd7 7. e4 c5 8. d5 e6
9. dxe6 fxe6 10. Qxd6 Qa5 11. O-O Nb6 12. Qd3 Nfd7 13. Bd2 Qa6 14. b3 Ne5 15.
Nxe5 Bxe5 16. f4 Bd4+ 17. Kh1 Nd7 18. Rac1 e5 19. a4 Qb6 20. Nd5 Qd6 21. Be3 Nf6
22. Bxd4 exd4 23. e5 Qd8 24. exf6 Bf5 25. Ne7+ Kf7 26. Nxf5 gxf5 27. Qxf5 Qxf6
28. Bd5+ Kg7 29. Qg5+ Qg6 30. Qxg6+ Kxg6 31. Rce1 Rae8 32. Kg2 b6 33. Kf3 h5 34.
Re4 Rxe4 35. Bxe4+ Kf6 36. h3 Rd8 37. Rh1 d3 38. Rd1 d2 39. Ke3 Rg8 40. g4 hxg4
41. hxg4 Rxg4 42. Rxd2 Rg3+ 43. Bf3 Rg1 44. Rd1 Rg8 45. Rd6+ Ke7 46. Re6+ Kd7
47. f5 Rg1 48. Kf4 Rb1 49. Re3 Rg1 50. f6 Rg8 51. f7 Rf8 52. Bh5 {Black resigns}
1-0

[Event "Team 45 45 League T85"]
[Site "Internet Chess Club"]
[Date "2020.07.17"]
[Round "3"]
[White "Constrictor"]
[Black "Validus"]
[Result "0-1"]
[WhiteElo "1540"]
[BlackElo "1444"]
[Opening "Réti: Nimzovich-Larsen attack"]
[ECO "A01"]
[Time "19:06:09"]
[TimeControl "2700+45"]

1. b3 d5 2. Nf3 Nf6 3. Bb2 Bf5 4. e3 c6 5. c4 e6 6. Nc3 Be7 7. Be2 O-O 8. O-O h6
9. cxd5 exd5 10. Rc1 Nbd7 11. Nd4 Bg6 12. a3 a5 13. f4 Nc5 14. f5 Bh7 15. b4
axb4 16. axb4 Nce4 17. b5 Nxc3 18. Rxc3 Ne4 19. Rc1 c5 20. Nb3 b6 21. Ra1 Qd7
22. g4 Qd6 23. d3 Ng3 24. hxg3 Qxg3+ 25. Kh1 Bd6 26. Rf4 Bxf4 27. exf4 Rxa1 28.
Qxa1 Qh3+ 29. Kg1 Qe3+ 30. Kf1 Re8 31. Qd1 Qxf4+ 32. Kg2 h5 33. Qc1 Rxe2+ {White
resigns} 0-1

[Event "Team 45 45 League T85"]
[Site "Internet Chess Club"]
[Date "2020.07.16"]
[Round "3"]
[White "bardu"]
[Black "Denis240964"]
[Result "1-0"]
[WhiteElo "1330"]
[BlackElo "1420"]
[Opening "QGD: 4.Bg5 Be7"]
[ECO "D53"]
[Time "13:07:21"]
[TimeControl "2700+45"]

1. d4 d5 2. c4 e6 3. Nc3 Nf6 4. Bg5 Be7 5. e3 b6 6. cxd5 exd5 7. Nf3 Bb7 8. Bb5+
c6 9. Bd3 Nbd7 10. O-O O-O 11. Rc1 Ne4 12. Bf4 f5 13. Ne2 Ndf6 14. Ne5 Rc8 15.
Ng3 g6 16. Bh6 Nxg3 17. fxg3 Re8 18. Bxf5 gxf5 19. Rxf5 Bf8 20. Rg5+ Kh8 21.
Nf7# {Black checkmated} 1-0

[Event "Team 45 45 League T85"]
[Site "Internet Chess Club"]
[Date "2020.07.16"]
[Round "3"]
[White "Insan996"]
[Black "JeffH"]
[Result "0-1"]
[WhiteElo "1632"]
[BlackElo "1751"]
[Opening "King's Indian: fianchetto, Simagin variation"]
[ECO "E62"]
[Time "19:06:34"]
[TimeControl "2700+45"]

1. d4 Nf6 2. Nf3 g6 3. c4 Bg7 4. Nc3 O-O 5. g3 d6 6. Bg2 Nc6 7. O-O Bg4 8. b3
Nd7 9. e3 e5 10. h3 Bxf3 11. Qxf3 exd4 12. exd4 Nxd4 13. Qd1 Rb8 14. Bb2 Re8 15.
Re1 Rxe1+ 16. Qxe1 Nc2 17. Qd2 Nxa1 18. Bxa1 Nc5 19. Bb2 Ne6 20. Nd5 c6 21. Bxg7
Nxg7 22. Ne3 Qe7 23. Qc3 Re8 24. Qb2 Qe5 25. Qa3 a6 26. b4 h5 27. b5 axb5 28.
cxb5 Nf5 29. Nc4 Qe1+ 30. Bf1 Re2 31. Qf3 Nd4 32. Qf6 Nxb5 33. a4 Re6 34. Qb2
Nc3 35. Qxb7 Nd1 36. Qb6 c5 37. Qd8+ Kg7 38. Nxd6 Qxf2+ 39. Kh1 Qxf1+ 40. Kh2
Re2# {White checkmated} 0-1

[Event "Team 45 45 League T85"]
[Site "Internet Chess Club"]
[Date "2020.07.18"]
[Round "3"]
[White "Redman1"]
[Black "nidusin2"]
[Result "1/2-1/2"]
[WhiteElo "1575"]
[BlackElo "1580"]
[Opening "Old Indian: main line"]
[ECO "A55"]
[Time "09:01:20"]
[TimeControl "2700+45"]

1. d4 d6 2. Nf3 Nf6 3. c4 Nbd7 4. Nc3 e5 5. e4 Be7 6. Be2 c6 7. O-O Qc7 8. b3
Nf8 9. Bb2 Ng6 10. Rc1 Nf4 11. dxe5 dxe5 12. Rc2 O-O 13. Qd2 Bg4 14. Qe3 Nd7 15.
Ne1 Be6 16. Nd3 Nxd3 17. Bxd3 Rfd8 18. Nd5 cxd5 19. cxd5 Bc5 20. dxe6 Qd6 21.
exf7+ Kxf7 22. Bc4+ Kf8 23. Qf3+ Nf6 24. Rfc1 Bb6 25. Bd5 Rab8 26. Qf5 Re8 27.
g4 g6 28. Qf3 Kg7 29. Qg3 Nxd5 30. exd5 Qxd5 31. Re2 Kg8 32. Bxe5 Qb5 33. Rcc2
Rbd8 34. Kg2 Rd5 35. a4 Qd7 36. Bb2 Rxe2 37. Rxe2 Qc6 38. f3 Qc5 39. Qb8+ Rd8
40. Qe5 Qxe5 41. Bxe5 Re8 42. Kf1 Kf7 43. Bc3 Rc8 44. Bb4 {Game drawn by mutual
agreement} 1/2-1/2

[Event "Team 45 45 League T85"]
[Site "Internet Chess Club"]
[Date "2020.07.17"]
[Round "3"]
[White "Kingfisher75"]
[Black "xingon"]
[Result "1-0"]
[WhiteElo "1544"]
[BlackElo "1375"]
[Opening "Queen's pawn game, Darooha variation "]
[ECO "D02"]
[Time "18:00:59"]
[TimeControl "2700+45"]

1. d4 Nf6 2. Nf3 d5 3. g3 Bg4 4. Bg2 Nc6 5. c4 e6 6. O-O Ne7 7. Nc3 Ng6 8. Qb3
Rb8 9. Ne5 Nxe5 10. dxe5 dxc4 11. Qxc4 Bxe2 12. Qxe2 {Black resigns} 1-0

[Event "Team 45 45 League T85"]
[Site "Internet Chess Club"]
[Date "2020.07.18"]
[Round "3"]
[White "dpmdpm"]
[Black "seattleblues"]
[Result "0-1"]
[WhiteElo "1421"]
[BlackElo "1250"]
[Opening "Caro-Kann: Panov-Botvinnik attack, 5...e6"]
[ECO "B14"]
[Time "07:38:21"]
[TimeControl "2700+45"]

1. e4 c6 2. d4 d5 3. exd5 cxd5 4. c4 Nf6 5. Nc3 e6 6. cxd5 Nxd5 7. Nf3 Nc6 8.
Bb5 Bb4 9. Bd2 O-O 10. Nxd5 Bxd2+ 11. Qxd2 Qxd5 12. Bxc6 Qxc6 13. O-O Rd8 14.
Rac1 Qb6 15. Rc3 Bd7 16. Ne5 Be8 17. Nf3 Bc6 18. Rb3 Qc7 19. Rc1 Qe7 20. Ne5 Bd5
21. Rbc3 Qe8 22. a3 Rac8 23. Qf4 Rxc3 24. Rxc3 f6 25. Nd3 Qg6 26. Qg3 Qxg3 27.
hxg3 Be4 28. Nf4 Bd5 29. Kf1 Kf8 30. Ke2 Ke7 31. Nxd5+ Rxd5 32. Ke3 Rb5 33. b4
Rd5 34. f4 e5 35. Rc7+ Kd6 36. Rxb7 exd4+ 37. Kd3 g5 38. Rxa7 h6 39. Kc4 d3 40.
Ra6+ Ke7 41. Kxd5 d2 42. Ra7+ Kf8 43. Ke6 d1=Q 44. Ra8+ Kg7 45. Ra7+ Kg6 46. f5+
Kh5 {White resigns} 0-1

[Event "Team 45 45 League T85"]
[Site "Internet Chess Club"]
[Date "2020.07.18"]
[Round "3"]
[White "Ohanessian"]
[Black "cadmiumorange"]
[Result "1-0"]
[WhiteElo "1988"]
[BlackElo "1805"]
[Opening "Scandinavian defense"]
[ECO "B01"]
[Time "15:01:21"]
[TimeControl "2700+45"]

1. e4 d5 2. exd5 Nf6 3. d4 Bg4 4. f3 Bf5 5. g4 Bd7 6. c4 c6 7. dxc6 Nxc6 8. d5
Na5 9. b4 e6 10. bxa5 Nxd5 11. cxd5 Qh4+ 12. Ke2 Bb5+ 13. Kd2 Qg5+ 14. Kc3 Qe5+
15. Kb3 Bxf1 16. Qxf1 Qxa1 17. Bb2 {Black resigns} 1-0

[Event "Team 45 45 League T85"]
[Site "Internet Chess Club"]
[Date "2020.07.16"]
[Round "3"]
[White "ulfbert"]
[Black "pishd"]
[Result "1-0"]
[WhiteElo "1771"]
[BlackElo "1774"]
[Opening "French: exchange variation"]
[ECO "C01"]
[Time "12:29:59"]
[TimeControl "2700+45"]

1. e4 e6 2. d4 d5 3. exd5 exd5 4. c4 Nf6 5. Nc3 Bb4 6. Bd3 O-O 7. Ne2 dxc4 8.
Bxc4 c6 9. O-O Nbd7 10. Bb3 Nb6 11. Bg5 Be7 12. Re1 Re8 13. Qd3 g6 14. Ng3 c5
15. Rxe7 Qxe7 16. dxc5 Nbd7 17. Nd5 Qd8 18. Qd4 Kg7 19. Qh4 {Black resigns} 1-0

[Event "Team 45 45 League T85"]
[Site "Internet Chess Club"]
[Date "2020.07.14"]
[Round "3"]
[White "justice02"]
[Black "QuieroAprender"]
[Result "1/2-1/2"]
[WhiteElo "1553"]
[BlackElo "1642"]
[Opening "Ruy Lopez: Marshall counter-attack"]
[ECO "C89"]
[Time "21:38:01"]
[TimeControl "2700+45"]

1. e4 e5 2. Nf3 Nc6 3. Bb5 a6 4. Ba4 Nf6 5. O-O b5 6. Bb3 Be7 7. Re1 O-O 8. c3
d5 9. d3 dxe4 10. dxe4 Qxd1 11. Bxd1 Rd8 12. Nbd2 Bb7 13. h3 h6 14. Bc2 Bc5 15.
Nf1 Nh5 16. Be3 Bxe3 17. Nxe3 Nf4 18. Bb3 Nd3 19. Re2 Nf4 20. Ree1 Nd3 21. Re2
Na5 22. Bd5 Nf4 23. Rd2 c6 24. Bb3 Nxb3 25. Rxd8+ Rxd8 26. axb3 f6 27. Rd1 Rxd1+
28. Nxd1 c5 29. Nd2 a5 30. f3 g5 31. Kf2 Kf7 32. g3 Nxh3+ 33. Kg2 g4 34. fxg4
Ng5 35. Nf2 Kg6 36. Kf1 h5 37. gxh5+ Kxh5 38. Ke2 Bc8 39. Ke3 Bg4 40. Nd3 Ne6
41. Nf2 Kg5 42. Nb1 Bh5 43. Kd3 Bg6 44. Nd2 Bh5 45. Nb1 Bf7 46. Nd2 Ng7 47. Ke3
Bh5 48. Nd3 Ne6 49. Nf2 Be8 50. Nf3+ Kh6 51. Nh4 Kg5 52. Nf5 Bd7 53. Nd6 b4 54.
Nc4 a4 55. bxa4 Bxa4 56. Nb6 Bb5 57. cxb4 cxb4 58. b3 Nd4 59. Nd5 Nxb3 60. Nxb4
Nd4 61. Nd5 Nc2+ 62. Kd2 Na3 63. Kc3 Bc6 64. Kb4 Bxd5 65. exd5 Nc2+ 66. Kc5 Nd4
67. g4 f5 68. gxf5 Kxf5 69. d6 Ke6 70. Ne4 Nf5 71. Ng5+ Kd7 72. Kd5 {Game drawn
by mutual agreement} 1/2-1/2

[Event "Team 45 45 League T85"]
[Site "Internet Chess Club"]
[Date "2020.07.19"]
[Round "3"]
[White "fileman"]
[Black "laurenpar"]
[Result "1/2-1/2"]
[WhiteElo "1882"]
[BlackElo "1865"]
[Opening "French defense"]
[ECO "C00"]
[Time "03:44:16"]
[TimeControl "2700+45"]

1. e4 e6 2. Nf3 d5 3. exd5 exd5 4. d4 Nc6 5. Be2 Bf5 6. O-O Nf6 7. Re1 Be7 8. c3
Ne4 9. Nbd2 O-O 10. Nxe4 dxe4 11. Nd2 Bg5 12. Nf1 Kh8 13. f3 Bh4 14. g3 exf3 15.
Bxf3 Bf6 16. Qb3 Bxd4+ 17. Kg2 Bb6 18. Bf4 Be6 19. Qb5 a6 20. Qh5 Ne7 21. Rad1
Qc8 22. Be4 Bf5 23. Bxf5 Qxf5 24. Qxf5 Nxf5 25. Rd7 Rad8 26. Red1 c6 27. g4 Nh4+
28. Kh3 Ng6 29. Bg3 Rfe8 30. R1d3 Kg8 31. Nd2 Rxd7 32. Rxd7 Re7 33. Rd3 f6 34.
Nc4 Bc7 35. Bxc7 Rxc7 36. Rd8+ Kf7 37. Rb8 Ke6 38. Kg3 Ne5 39. Na5 b5 40. Rb6
Kd5 41. Rxa6 Nd3 42. b3 Nc5 43. c4+ bxc4 44. bxc4+ Kd6 45. Ra8 Nb7 46. Nb3 Re7
47. Ra7 Rd7 48. h4 Nc5 49. Rxd7+ Nxd7 50. Kf4 Nc5 51. Nd4 g6 52. h5 Nd3+ 53. Ke4
Ne5 54. hxg6 hxg6 55. c5+ Kxc5 56. g5 Nd7 57. gxf6 Nxf6+ 58. Ke5 Ng4+ 59. Ke4
Nf2+ 60. Ke5 Ng4+ 61. Ke4 Nf2+ 62. Ke5 Ng4+ {Game drawn by repetition} 1/2-1/2

[Event "Team 45 45 League T85"]
[Site "Internet Chess Club"]
[Date "2020.07.17"]
[Round "3"]
[White "fishhead"]
[Black "Eric1127"]
[Result "1-0"]
[WhiteElo "1757"]
[BlackElo "1752"]
[Opening "Ruy Lopez: closed, Breyer, Borisenko variation"]
[ECO "C95"]
[Time "15:31:34"]
[TimeControl "2700+45"]

1. e4 e5 2. Nf3 Nc6 3. Bb5 a6 4. Ba4 Nf6 5. O-O Be7 6. Re1 b5 7. Bb3 d6 8. c3
O-O 9. h3 Nb8 10. d4 Nbd7 11. Nbd2 Bb7 12. Bc2 Re8 13. Nf1 Bf8 14. Ng3 g6 15.
Bg5 Qe7 16. Qd2 Bg7 17. Rad1 Rad8 18. Nh2 h5 19. f4 c5 20. fxe5 dxe5 21. d5 Qd6
22. b3 Rb8 23. Nf3 Nb6 24. Bh6 Bh8 25. Rf1 Nc8 26. Ng5 Qb6 27. c4 bxc4 28. bxc4
Nd6 29. Rb1 Qc7 30. Bb3 Re7 31. Rf3 a5 32. Rbf1 Nh7 33. Qf2 Bg7 34. Nxh7 Kxh7
35. Bg5 Rd7 36. Ba4 Ba6 37. Bxd7 Qxd7 38. Qxc5 Bxc4 39. R1f2 Rb5 40. Qa3 Rb1+
41. Kh2 a4 42. Bf6 Re1 43. Qc3 Nxe4 44. Qxe1 Nxf6 45. Rxf6 Bxf6 46. Rxf6 Qxd5
47. a3 Bd3 48. Qf2 Kg7 49. Rb6 e4 50. Qf6+ Kh6 51. Rb8 {Black resigns} 1-0

[Event "Team 45 45 League T85"]
[Site "Internet Chess Club"]
[Date "2020.07.16"]
[Round "3"]
[White "Ehab"]
[Black "bobhill"]
[Result "1-0"]
[WhiteElo "1819"]
[BlackElo "1882"]
[Opening "Sicilian: dragon variation"]
[ECO "B70"]
[Time "18:08:05"]
[TimeControl "2700+45"]

1. e4 c5 2. Nf3 d6 3. d4 cxd4 4. Nxd4 Nf6 5. Nc3 g6 6. Bg5 Bg7 7. Qd2 O-O 8. f3
Nc6 9. Nb3 Be6 10. Bh6 Bxh6 11. Qxh6 Nb4 12. O-O-O Bxb3 13. axb3 Qa5 14. Rd4
Rac8 15. Kd2 Qb6 16. Qe3 e5 17. Rxb4 Qxb4 18. Bc4 a6 19. Kc1 b5 20. Nd5 Nxd5 21.
Bxd5 a5 22. h4 Qc5 23. Qd2 Kh8 24. c3 f6 25. Kb1 b4 26. c4 Qa7 27. Be6 Rcd8 28.
h5 g5 29. Qc2 Rb8 30. Rd1 a4 31. Rxd6 axb3 32. Qxb3 Qg1+ 33. Qd1 Qxd1+ 34. Rxd1
Rfd8 35. Bd5 Kg7 36. Kc2 Rd7 37. Kb3 Ra7 38. g4 h6 39. Rc1 Kf8 40. c5 Ke7 41.
Rc4 Kd7 42. Rxb4 Rxb4+ 43. Kxb4 Ra1 44. Kb5 Kc7 45. b4 Rc1 46. Ka6 Rc3 47. Ka5
Ra3+ 48. Kb5 Rxf3 49. Kc4 f5 50. b5 fxg4 51. b6+ Kb8 52. c6 Rf6 53. c7+ Kc8 54.
Kb5 g3 55. Ka6 Kd7 56. Kb7 Rf8 57. Bc6+ Kd6 58. c8=Q Rxc8 59. Kxc8 Kxc6 60. b7
g2 61. b8=Q g1=Q 62. Qb7+ Kd6 63. Qd7+ Kc5 64. Qa7+ {Black resigns} 1-0

[Event "Team 45 45 League T85"]
[Site "Internet Chess Club"]
[Date "2020.07.16"]
[Round "3"]
[White "haofangzhu"]
[Black "trombone"]
[Result "1/2-1/2"]
[WhiteElo "1793"]
[BlackElo "1793"]
[Opening "Robatsch defense: two knights variation"]
[ECO "B06"]
[Time "14:01:34"]
[TimeControl "2700+45"]

1. e4 g6 2. d4 Bg7 3. Nc3 d6 4. Nf3 a6 5. Be3 b5 6. Bd3 Nd7 7. Qd2 Bb7 8. a3 Rc8
9. O-O c5 10. dxc5 Nxc5 11. Bd4 Nf6 12. Rfe1 O-O 13. Ng5 e5 14. Bxc5 Rxc5 15.
Nf3 d5 16. exd5 Nxd5 17. Nxd5 Bxd5 18. Qe3 Qc7 19. c3 Re8 20. Nd2 f5 21. a4 e4
22. axb5 axb5 23. Qe2 Bc6 24. Bc2 Rce5 25. Qe3 R5e7 26. g3 h6 27. h4 Kh7 28. Nb3
Be5 29. Nd4 f4 30. gxf4 Bxf4 31. Qe2 Bd7 32. f3 Bg3 33. Rf1 Bh3 34. Rfd1 exf3
35. Qxf3 Rf7 36. Qc6 Qxc6 37. Nxc6 Rf2 38. Ra7+ Kh8 39. Bxg6 {Game drawn by
mutual agreement} 1/2-1/2

[Event "Team 45 45 League T85"]
[Site "Internet Chess Club"]
[Date "2020.07.16"]
[Round "3"]
[White "fishhead"]
[Black "handsomematch"]
[Result "1-0"]
[WhiteElo "1740"]
[BlackElo "1640"]
[Opening "Ruy Lopez: 5.O-O"]
[ECO "C78"]
[Time "14:04:41"]
[TimeControl "2700+45"]

1. e4 e5 2. Nf3 Nc6 3. Bb5 a6 4. Ba4 Nf6 5. O-O b5 6. Bb3 Bc5 7. Nxe5 Nxe5 8. d4
Bd6 9. dxe5 Bxe5 10. f4 Bd6 11. e5 Bc5+ 12. Kh1 Ne4 13. Qd5 O-O 14. Qxe4 Rb8 15.
Nc3 Bb7 16. Bd5 Bxd5 17. Nxd5 c6 18. Ne3 Re8 19. b4 d5 20. Qd3 Bxb4 21. Bb2 Bc5
22. Nf5 g6 23. Nh6+ Kf8 24. Qh3 Qe7 25. f5 g5 26. f6 Qe6 27. Nf5 Kg8 28. Qh6 Bf8
29. Qxg5+ Kh8 30. Ng7 Red8 31. Rf3 Qd7 32. e6 Qa7 33. Qh6 Qc7 34. Rh3 Qxh2+ 35.
Rxh2 Bxg7 36. Qxh7# {Black checkmated} 1-0

[Event "Team 45 45 League T85"]
[Site "Internet Chess Club"]
[Date "2020.07.21"]
[Round "3"]
[White "ChessJayden"]
[Black "cityprosecutor"]
[Result "1/2-1/2"]
[WhiteElo "1662"]
[BlackElo "1672"]
[Opening "Pirc: classical system, 5.Be2"]
[ECO "B08"]
[Time "14:00:42"]
[TimeControl "2700+45"]

1. e4 d6 2. d4 Nf6 3. Nc3 g6 4. Nf3 Bg7 5. Be2 c6 6. a4 O-O 7. O-O Nbd7 8. h3 e5
9. dxe5 dxe5 10. Be3 Qe7 11. Qc1 Nc5 12. Nd2 Rd8 13. b4 Ne6 14. Qb2 Nd4 15. Bd3
Be6 16. Ne2 Qd7 17. Nxd4 exd4 18. Bf4 Nh5 19. Bh2 Bh6 20. Nc4 f6 21. f4 b5 22.
axb5 cxb5 23. Na5 a6 24. Nb3 Bxh3 25. gxh3 Qxh3 26. Rf2 Bxf4 27. Bxf4 Nxf4 28.
Rxf4 Qg3+ 29. Kh1 Qxf4 30. Rf1 Qh4+ 31. Kg1 Qg3+ 32. Kh1 Qh3+ 33. Kg1 Qg3+ 34.
Kh1 Qh3+ 35. Kg1 Qg3+ {Game drawn by repetition} 1/2-1/2

[Event "Team 45 45 League T85"]
[Site "Internet Chess Club"]
[Date "2020.07.18"]
[Round "3"]
[White "Egmont"]
[Black "eevee11"]
[Result "1-0"]
[WhiteElo "1724"]
[BlackElo "1439"]
[Opening "Grünfeld: exchange variation"]
[ECO "D85"]
[Time "12:05:28"]
[TimeControl "2700+45"]

1. d4 Nf6 2. c4 g6 3. Nc3 d5 4. cxd5 Nxd5 5. e4 Nxc3 6. bxc3 Bg7 7. Bg5 c5 8.
Rc1 O-O 9. Qd2 cxd4 10. cxd4 Qxd4 11. Qxd4 Bxd4 12. Bxe7 Re8 13. f3 Bd7 14. Bb4
Nc6 15. Bd2 Be6 16. Bc4 Ne5 17. Bb5 Red8 18. a4 Bb3 19. a5 Rac8 20. Ne2 Rxc1+
21. Nxc1 Be6 22. Ne2 Bc5 23. Nf4 Bd7 24. Bxd7 Rxd7 25. Nd5 Nd3+ 26. Ke2 Rd6 27.
Kxd3 Kf8 28. Kc4 Bf2 29. Bb4 Ke8 30. Bxd6 Kd7 31. Bc5 Bxc5 32. Kxc5 Kc8 33. Kd6
Kd8 34. Rb1 Kc8 35. Ne7+ Kb8 36. Rc1 a6 37. Nc8 h5 38. Nb6 Ka7 39. Rc8 f5 40.
Ra8# {Black checkmated} 1-0

[Event "Team 45 45 League T85"]
[Site "Internet Chess Club"]
[Date "2020.07.19"]
[Round "3"]
[White "aec7r3b"]
[Black "scostanzo212"]
[Result "0-1"]
[WhiteElo "1485"]
[BlackElo "1581"]
[Opening "Sicilian: Scheveningen variation"]
[ECO "B80"]
[Time "12:02:26"]
[TimeControl "2700+45"]

1. e4 c5 2. Nf3 d6 3. d4 cxd4 4. Nxd4 Nf6 5. Nc3 e6 6. Be3 a6 7. f3 b5 8. Qd2
Bb7 9. O-O-O Nbd7 10. Bd3 Nb6 11. Qf2 Nfd7 12. Kb1 Rc8 13. f4 Rxc3 14. bxc3 Na4
15. Bd2 Qc7 16. Ne2 d5 17. e5 Ba3 18. Qe1 O-O 19. Rf1 Rc8 20. Rf3 d4 21. cxd4
Bxf3 22. gxf3 Nb2 23. Ba5 Qc6 24. Be4 Qc4 25. Rd2 b4 26. Qh4 h6 27. Qe7 Nb8 28.
Bd8 Qb5 29. d5 Nc4 30. dxe6 Nxd2+ 31. Ka1 fxe6 32. Qxe6+ Kh8 33. Qxc8 Nxe4 34.
Be7+ Kh7 35. Qf5+ Kg8 36. Qxe4 Qd7 37. Bd6 Qh3 38. Bxb8 Qf1+ 39. Nc1 Qxc1#
{White checkmated} 0-1

[Event "Team 45 45 League T85"]
[Site "Internet Chess Club"]
[Date "2020.07.17"]
[Round "3"]
[White "room-matt"]
[Black "LookImYourVader"]
[Result "1/2-1/2"]
[WhiteElo "1777"]
[BlackElo "1773"]
[Opening "Scandinavian: Marshall variation"]
[ECO "B01"]
[Time "15:02:24"]
[TimeControl "2700+45"]

1. e4 d5 2. exd5 Nf6 3. d4 Nxd5 4. Nf3 g6 5. c4 Nb6 6. c5 Nd5 7. Bc4 Bg7 8. Qb3
c6 9. Nc3 O-O 10. Nxd5 cxd5 11. Bxd5 Nc6 12. Bxc6 bxc6 13. O-O Bg4 14. Rd1 Rb8
15. Qc3 Qd5 16. Bf4 Bxf3 17. gxf3 Rb5 18. b4 a5 19. bxa5 e5 20. Bxe5 Bxe5 21.
dxe5 Qxc5 22. Qxc5 Rxc5 23. Rac1 Rxa5 24. Rxc6 Rxe5 25. Ra6 Rc8 26. Ra7 Rc3 27.
f4 Rf5 28. Rd4 g5 29. fxg5 Rxg5+ 30. Kf1 Rc1+ 31. Ke2 Rc2+ 32. Rd2 Re5+ 33. Kd1
Rxd2+ 34. Kxd2 Rh5 35. h4 Rxh4 36. a4 Rh2 37. Ke2 Rh1 38. a5 Ra1 39. Ke3 Ra4 40.
Kf3 Kg7 41. Kg3 h5 42. Ra8 Kf6 43. a6 Kg7 44. a7 Kf6 45. Kg2 Kg7 46. Kh3 {Game
drawn by mutual agreement} 1/2-1/2

[Event "Team 45 45 League T85"]
[Site "Internet Chess Club"]
[Date "2020.07.20"]
[Round "3"]
[White "Zugzwanged"]
[Black "Rookmaster"]
[Result "1-0"]
[WhiteElo "1691"]
[BlackElo "1568"]
[Opening "Philidor: Improved Hanham variation"]
[ECO "B07"]
[Time "10:46:03"]
[TimeControl "2700+45"]

1. e4 d6 2. d4 Nf6 3. Nc3 Nbd7 4. Nf3 e5 5. Bc4 Be7 6. O-O h6 7. Qe2 c6 8. a4
Qc7 9. Rd1 g5 10. dxe5 dxe5 11. Be3 Nf8 12. Nxe5 Qxe5 13. Bd4 Qc7 14. e5 Ng4 15.
h3 h5 16. hxg4 Bxg4 17. f3 Be6 18. Ne4 Ng6 19. Bxe6 fxe6 20. Nf6+ Kf7 21. Bc3
Rad8 22. Qe3 Bxf6 23. exf6 Nf4 24. Be5 Qb6 25. Qxb6 axb6 26. Kf2 Rd5 27. Bc7 b5
28. axb5 cxb5 29. Bxf4 gxf4 30. Rxd5 exd5 31. Ra5 Kxf6 32. Rxb5 Rc8 33. c3 Ke5
34. Rxb7 h4 35. Re7+ Kf6 36. Rh7 Kg5 37. Rd7 Rc5 38. Ke2 Rb5 39. b4 Kf5 40. Kd3
Ke6 41. Rh7 Rb8 42. Rxh4 Ke5 43. Rh5+ Kd6 44. Rg5 Ra8 45. Kd4 Ra2 46. Rg6+ Kc7
47. Kxd5 Rd2+ 48. Kc5 {Black resigns} 1-0

[Event "Team 45 45 League T85"]
[Site "Internet Chess Club"]
[Date "2020.07.18"]
[Round "3"]
[White "WillC"]
[Black "Yedixon"]
[Result "0-1"]
[WhiteElo "1557"]
[BlackElo "1626"]
[Opening "Old Indian: Tartakower (Wade) variation"]
[ECO "A41"]
[Time "14:01:36"]
[TimeControl "2700+45"]

1. d4 d6 2. Nf3 Bg4 3. Nbd2 Nf6 4. b3 g6 5. Bb2 Bg7 6. h3 Bxf3 7. Nxf3 O-O 8. e3
c6 9. Bd3 Nbd7 10. O-O d5 11. c4 Rc8 12. Rc1 Qa5 13. a3 e6 14. b4 Qb6 15. c5 Qc7
16. Qe2 Ne4 17. Bxe4 dxe4 18. Nh2 a6 19. f3 exf3 20. Rxf3 e5 21. Qc4 exd4 22.
exd4 Nf6 23. Rcf1 Nd5 24. Ng4 Rce8 25. Ne5 Bxe5 26. dxe5 Re6 27. Qg4 Qe7 28. h4
h5 29. Qg3 a5 30. Rb3 axb4 31. axb4 Rd8 32. Qf2 Rd7 33. b5 Nc7 34. bxc6 Rxc6 35.
Rxb7 Ne6 36. Rb8+ Rd8 37. Rb3 Qxc5 38. Qxc5 Rxc5 39. Rb7 Rc7 40. Rxc7 Nxc7 41.
Rf2 Re8 42. Rc2 Ne6 43. Kf2 Ng7 44. Kf3 Nf5 45. Kf4 Rb8 46. Kg5 Rb4 47. Kf6 Rb6+
48. Kg5 Rb4 49. Kf6 Nxh4 50. Bc1 Rb6+ 51. Kg5 Nf5 52. Rc8+ Kg7 53. Bf4 Nd4 54.
Bh2 Ne6+ 55. Kh4 Rb4+ 56. Kg3 Rg4+ 57. Kf2 Nf4 58. Bxf4 Rxf4+ 59. Ke3 g5 60. Rc7
Kg6 61. Rc6+ Kf5 62. Rc7 Kxe5 63. Rc5+ Kf6 64. Rc6+ Kf5 65. Rc5+ Kg4 66. Rc7 Kg3
67. Rc5 f6 68. Rd5 Kxg2 {White resigns} 0-1

[Event "Team 45 45 League T85"]
[Site "Internet Chess Club"]
[Date "2020.07.21"]
[Round "3"]
[White "clarinetref"]
[Black "ascoli"]
[Result "1-0"]
[WhiteElo "1438"]
[BlackElo "1615"]
[Opening "English: symmetrical, main line with d3"]
[ECO "A38"]
[Time "14:05:56"]
[TimeControl "2700+45"]

1. Nf3 Nf6 2. g3 g6 3. Bg2 Bg7 4. O-O O-O 5. c4 c5 6. Nc3 Nc6 7. d3 a6 8. Rb1
Rb8 9. a3 b5 10. cxb5 axb5 11. Bf4 d6 12. Qc1 Be6 13. Bh6 b4 14. Bxg7 Kxg7 15.
axb4 Nxb4 16. Ng5 Bf5 17. Nge4 Nxe4 18. Nxe4 Na2 19. Qd2 Qb6 20. b3 Nb4 21. Nc3
Be6 22. Qb2 d5 23. Nxd5+ {Black resigns} 1-0